 Dungeon Crawl Stone Soup version 0.32-a0-818-gb728d02 (webtiles) character file.

Game seed: 7755077357530096090

4850 Dorkslayer the Cleaver (level 10, -13/68 HPs)
             Began as an Octopode Fighter on Mar 24, 2024.
             Was a Priest of Okawaru.
             Mangled by a two-headed ogre
             ... wielding a +0 giant club
              (16 damage)
             ... on level 9 of the Dungeon.
             The game lasted 00:14:00 (6315 turns).

Dorkslayer the Cleaver (Octopode Fighter)           Turns: 6315, Time: 00:14:00

Health: -13/68     AC:  1    Str: 20    XL:     10   Next: 49%
Magic:  10/10      EV: 14    Int: 10    God:    Okawaru [***...]
Gold:   422        SH:  5    Dex: 18    Spells: 9/9 levels left

rFire   + . .        a - +1 war axe
rCold   + . .        b - +0 buckler
rNeg    . . .        (helmet restricted)
rPois   .            (no amulet)
rElec   .            f - ring of resist corrosion
rCorr   +            p - ring of protection from cold
SInv    .            o - +6 ring of dexterity
Will    .....        D - ring of protection from fire
Stlth   +++++        (no ring)
HPRegen 0.31/turn    (no ring)
MPRegen 0.12/turn    (no ring)
                     (no ring)

%: no passive effects
@: no status effects
A: almost no armour, amphibious, 8 rings, camouflage 1, gelatinous body 1,
(nimble swimmer 1), tentacles
a: Renounce Religion, Heroism


You were on level 9 of the Dungeon.
You worshipped Okawaru.
Okawaru was most pleased with you.
You visited 2 branches of the dungeon, and saw 10 of its levels.

You collected 422 gold pieces.

Inventory:

Hand Weapons
 a - a +1 war axe (weapon)
 j - a +3 trident of draining
 m - a +0 war axe
Missiles
 c - 16 curare-tipped darts (quivered)
 d - 7 boomerangs
 w - 6 javelins
 B - 6 darts of dispersal
 C - 5 datura-tipped darts
Armour
 b - a +0 buckler (worn)
Jewellery
 e - a +6 ring of intelligence
 f - a ring of resist corrosion (left tentacle)
 o - a +6 ring of dexterity (on tentacle)
 p - a ring of protection from cold (right tentacle)
 D - a ring of protection from fire (on tentacle)
Wands
 q - a wand of roots (9)
 t - a wand of quicksilver (16)
Scrolls
 r - 2 scrolls of poison
 s - a scroll of teleportation
 u - a scroll of silence
 v - a scroll of revelation {unknown}
 x - a scroll of fog {unknown}
 y - a scroll of vulnerability
Potions
 g - a potion of heal wounds {unknown}
 h - a potion of mutation {unknown}
 i - 2 potions of brilliance
 k - a potion of berserk rage
 n - a potion of enlightenment {unknown}


   Skills:
 + Level 6.1 Fighting
 + Level 10.1 Axes
 + Level 0.5 Throwing
 + Level 5.3 Dodging
 + Level 9.0 Stealth
 + Level 4.2 Shields
 * Level 6.0 Evocations


You had 9 spell levels left.
You didn't know any spells.
Your spell library contained the following spells:

 Spells                   Type           Power      Damage    Failure   Level
 Apportation              Tloc           0%         N/A       43%         1
 Kiss of Death            Conj/Necr      0%         2d5       43%         1
 Necrotise                Necr           0%         1d4       43%         1
 Sting                    Conj/Alch      0%         1d3       43%         1
 Scorch                   Fire           0%         2d5       56%         2
 Confusing Touch          Hex            0%         N/A       80%         3
 Hailstorm                Conj/Ice       0%         3d5       80%         3
 Dispel Undead            Necr           0%         3d6       99%         4
 Flame Wave               Conj/Fire      0%         2d4       99%         4
 Permafrost Eruption      Ice/Erth       0%         2x4d2     100%        6
 Ozocubu's Refrigeration  Ice            0%         4d7       100%        7
 Polar Vortex             Ice            0%         N/A       100%        9
 Summon Small Mammal      Summ           Unusable   N/A       N/A         1
 Summon Ice Beast         Ice/Summ       Unusable   N/A       N/A         3
 Summon Mana Viper        Hex/Summ       Unusable   N/A       N/A         5
 Sculpt Simulacrum        Ice/Alch       Unusable   N/A       N/A         6
 Summon Cactus Giant      Summ           Unusable   N/A       N/A         6
 Monstrous Menagerie      Summ           Unusable   N/A       N/A         7

Dungeon Overview and Level Annotations

Branches:
Dungeon (9/15)             Temple (1/1) D:7
   Lair: D:8-11         Orc: D:9-12

Altars:
Ashenzari
Cheibriados
Dithmenos
Elyvilon
Fedhas
Gozag
Hepliaklqana
Kikubaaqudgha
Makhleb
Nemelex Xobeh
Okawaru
Qazlal
Ru
Sif Muna
Trog
Uskayaw
Vehumet
Wu Jian
Xom
Yredelemnul
Zin
The Shining One

Annotations:
D:9 3 runed translucent doors, ksj2083's ghost, novice CoHu


Innate Abilities, Weirdness & Mutations

You cannot wear most types of armour.
You are amphibious.
You can wear up to eight rings at the same time.
Your skin changes colour to match your surroundings (Stealth+).
Your rubbery body absorbs attacks. (AC +1, EV +1)
((You are camouflaged when in or above water. (Stealth+)))
You have tentacles for arms and can constrict up to eight enemies at once.


Message History

The acid dragon is severely wounded.
You slash the troll!
You kill the troll!
Okawaru is honoured by your kill.
You block the acid dragon's attack. x2; The acid dragon bites you!
* * * LOW HITPOINT WARNING * * *
The acid dragon closely misses you.
Your Axes skill increases to level 10!
Aiming: Quicksilver Bolt
Press: ? - help, Shift-Dir - straight line, f - acid dragon
Aim: an acid dragon (severely wounded, catching its breath, 74% to hit)
The bolt of dispelling energy hits the acid dragon!!
You kill the acid dragon!
Okawaru accepts your kill.
The acid dragon scales are intact enough to wear.
The bolt of dispelling energy hits the two-headed ogre!!
The two-headed ogre is heavily wounded.
The bolt of dispelling energy hits something!!
Okawaru accepts your kill.
Reactivating autopickup.
You feel a bit more experienced.
The bolt of dispelling energy hits the howler monkey!!
You kill the howler monkey!
Okawaru accepts your kill.
A steam dragon comes into view.
Your Evocations skill increases to level 6!
Unknown command.
Aiming: Quicksilver Bolt
Press: ? - help, Shift-Dir - straight line, f - two-headed ogre
Aim: a two-headed ogre, wielding a +0 giant club and a +0 giant spiked club (heavily wounded, 88% to hit)
The bolt of dispelling energy hits the two-headed ogre!!
The two-headed ogre is almost dead.
Unknown command.
You barely miss the two-headed ogre.
You squeeze the two-headed ogre, but do no damage.
The two-headed ogre is almost dead.
You hit the two-headed ogre but do no damage.
The two-headed ogre is almost dead.
The two-headed ogre hits you with a +0 giant club!
You die...

#...............# ### #.#
#..............####.## #.#
#...#.#.#.#...####>#.#####.#
#..#########..###<###......#
#... #...[....#.####### ##.#
##..#####.## #.. #..)# ###
#.# .######))# .D).)'O@.#
#######..# ...# .....
.###.#. ## ...## ... ..#


You could see a two-headed ogre and a steam dragon.

Vanquished Creatures
  A two-headed ogre (D:9)
  The ghost of tls9540 the Fighter, a novice VSFi (D:7)
  Jeremiah (D:6)
  A troll (D:9)
  A wraith (D:9)
  A yak (D:9)
  An acid dragon (D:9)
  Menkaure (D:7)
  2 sky beasts (D:7)
  2 ice beasts
  4 centaurs
  11 kobold brigands
  3 bullfrogs
  2 scorpions
  4 wights (D:7)
  A howler monkey (D:9)
  A bombardier beetle (D:6)
  5 hounds
  A jelly (D:6)
  5 orc priests
  A sleepcap (D:5)
  6 iguanas
  Terence (D:2)
  3 orc wizards
  3 gnolls (D:2)
  4 adders
  A shadow imp (D:7)
  2 white imps (D:7)
  A ribbon worm (D:4)
  3 dart slugs
  17 orcs
  A ball python (D:1)
  5 endoplasms
  6 giant cockroaches
  5 hobgoblins
  8 jackals
  2 quokkas
  6 bats
  A frilled lizard (D:1)
  7 goblins
  11 kobolds
  5 rats
148 creatures vanquished.

Notes
Turn   | Place    | Note
-------+----------+-------------------------------------------
     0 | D:1      | Dorkslayer the Octopode Fighter began the quest for the
                  | Orb.
     0 | D:1      | Reached XP level 1. HP: 16/16 MP: 1/1
   571 | D:1      | Reached XP level 2. HP: 21/21 MP: 2/2
  1108 | D:2      | Reached XP level 3. HP: 23/26 MP: 3/3
  1271 | D:2      | You fall into a shaft and drop 1 floor!
  1470 | D:3      | Reached skill level 1 in Stealth
  1472 | D:3      | Reached skill level 3 in Axes
  1472 | D:3      | Reached XP level 4. HP: 19/31 MP: 4/4
  1599 | D:2      | Noticed Terence
  1601 | D:2      | Killed Terence
  1689 | D:2      | Reached XP level 5. HP: 30/37 MP: 5/5
  2097 | D:3      | Reached skill level 4 in Axes
  2418 | D:4      | Reached XP level 6. HP: 43/43 MP: 6/6
  2632 | D:4      | Reached skill level 5 in Axes
  2740 | D:5      | Entered Level 5 of the Dungeon
  3059 | D:5      | Reached XP level 7. HP: 48/48 MP: 7/7
  3332 | D:6      | Noticed Jeremiah
  3359 | D:6      | Killed Jeremiah
  3360 | D:6      | Reached skill level 6 in Axes
  3360 | D:6      | Reached skill level 5 in Stealth
  3360 | D:6      | Reached XP level 8. HP: 10/54 MP: 8/8
  3657 | D:6      | Reached skill level 7 in Axes
  3824 | D:6      | Reached skill level 1 in Evocations
  4219 | D:6      | Found a blossoming altar of Fedhas.
  4225 | D:6      | Found a hide-covered altar of Uskayaw.
  4231 | D:6      | Found an ornate altar of the Wu Jian Council.
  4497 | D:7      | Reached skill level 5 in Fighting
  4497 | D:7      | Reached XP level 9. HP: 34/61 MP: 9/9
  4544 | D:7      | Found a staircase to the Ecumenical Temple.
  4555 | Temple   | Entered the Ecumenical Temple
  4568 | Temple   | Became a worshipper of Warmaster Okawaru
  4636 | D:7      | Noticed Menkaure
  4639 | D:7      | Killed Menkaure
  4640 | D:7      | Reached skill level 8 in Axes
  4775 | D:7      | Found a runed translucent gate.
  4775 | D:7      | Found a runed translucent gate.
  4775 | D:7      | Found a runed translucent gate.
  4775 | D:7      | Noticed tls9540's ghost (novice VSFi)
  4799 | D:7      | Reached * piety under Okawaru
  5050 | D:7      | Killed tls9540's ghost
  5051 | D:7      | Reached skill level 9 in Axes
  5059 | D:7      | Reached skill level 5 in Evocations
  5777 | D:8      | Reached XP level 10. HP: 68/68 MP: 10/10
  6071 | D:9      | Found a runed translucent gate.
  6071 | D:9      | Found a runed translucent gate.
  6071 | D:9      | Found a runed translucent gate.
  6072 | D:9      | Noticed ksj2083's ghost (novice CoHu)
  6073 | D:9      | Noticed an 11-headed hydra
  6073 | D:9      | Noticed a nine-headed hydra
  6091 | D:9      | Noticed a two-headed ogre
  6097 | D:9      | Killed a two-headed ogre
  6097 | D:9      | Reached ** piety under Okawaru
  6098 | D:9      | Reached skill level 5 in Dodging
  6307 | D:9      | Noticed a two-headed ogre
  6307 | D:9      | Reached *** piety under Okawaru
  6311 | D:9      | HP: 2/68 [acid dragon (7)]
  6312 | D:9      | Reached skill level 10 in Axes
  6315 | D:9      | Mangled by a two-headed ogre

Illustrated notes

Levels and vault maps discovered:
D:1:      sevenhm_arrival_forest_fort_large_4, layout_loops_ring,
          columned_hall_lemuel, chequers_serial_rivers_micro_b,
          chequers_serial_rivers_room_a, st_stairs_4, minivault_11,
          chequers_serial_rivers_large_b
D:2:      layout_loops_ring, minmay_ruptured, uniq_terence
D:3:      layout_loops_ring, nicolae_underground_beach
D:4:      layout_basic
D:5:      layout_basic
D:6:      layout_basic, minmay_overflow_temple_star_quad, uniq_jeremiah
D:7:      layout_rooms, minmay_temple_entry_arrows,
          gammafunk_ghost_nasty_kobolds, serial_demonic, serial_demonic_g,
          serial_demonic_a, serial_demonic_g, serial_demonic_c, uniq_menkaure
D:8:      layout_basic
D:9:      layout_loops_corners, erik_lair_dragon, gammafunk_ghost_hydra_chop,
          onia_ninara_cookie
Temple:   nicolae_temple_bog_church

Skill      XL: |  1  2  3  4  5  6  7  8  9 10 |
---------------+-------------------------------+-----
Stealth        | 1 2 3 4 5 7 8 9 |  9.0
Axes           | 3 4 5 6 7 9 10 | 10.1
Fighting       | 4 5 6 |  6.1
Evocations     | 2 5 6 |  6.0
Dodging        | 4 5 |  5.3
Shields        | 4 |  4.2
Throwing       | |  0.5

Action                     |  1- 3 |  4- 6 |  7- 9 | 10-12 || total
---------------------------+-------+-------+-------+-------++-------
  Melee: War axe           |    45 |    76 |   119 |    47 ||   287
         Constrict         |    16 |    25 |    29 |     3 ||    73
         Tentacles         |     6 |    16 |    26 |    11 ||    59
  Throw: Boomerang         |       |     1 |     2 |       ||     3
  Evoke: Wand              |       |       |     6 |     3 ||     9
    Use: Scroll            |       |    10 |     4 |     1 ||    15
         Potion            |       |       |     7 |     4 ||    11
   Stab: Sleeping          |     3 |    12 |     9 |     1 ||    25
         Distracted        |       |     1 |     1 |       ||     2
 Armour: Skin              |    20 |    23 |    55 |    27 ||   125
  Dodge: Dodged            |    27 |    37 |    62 |    45 ||   171
  Block: Buckler           |    11 |     9 |    24 |    20 ||    64

Table legend: (Time is in decaauts)
 A = Elapsed time spent in this place.
 B = Non-inter-level travel time spent in this place.
 C = Inter-level travel time spent in this place.
 D = Time resting spent in this place.
 E = Time spent auto-exploring this place.
 F = Levels seen in this place.
 G = Mean time per level.
                   A        B        C        D        E       F      G
               +--------+--------+--------+--------+--------+-----+--------+
         Total |   6349 |   6349 |      0 |    196 |   3528 |  10 |  634.9 |
       Dungeon |   6278 |   6278 |      0 |    152 |   3528 |   9 |  697.6 |
        Temple |     70 |     70 |      0 |     44 |      0 |   1 |   70.0 |
               +--------+--------+--------+--------+--------+-----+--------+

Top non-repeatable levels by time:
     D:6: 1087 daAuts
     D:1: 980 daAuts
     D:8: 800 daAuts
     D:2: 738 daAuts
     D:7: 738 daAuts
     D:3: 686 daAuts
     D:5: 595 daAuts
     D:4: 376 daAuts
     D:9: 276 daAuts
  Temple: 70 daAuts
